Map: [ESL] Data-C

Players

HeroMarine

  • Race: Terran Terran
  • Spawn Location: 9:00

Lambo - Winner!

  • Race: Zerg Zerg
  • League: Grandmaster
  • Spawn Location: 3:00

Event: TSL 9

VOD

Have the link to the VOD?

Description

Time

  • Played on: Aug. 5, 2022, 10:05 a.m.
  • Length: 18:30

All games in this series

Show
View Real Time Build Order
Export as new Build Order

HeroMarine Terran 

Build Orders: Command Center First (CC) 

Get SALT Encoding   

  12  0:00  SCV  
  13  0:12  SCV  
  14  0:17  Supply Depot  
  14  0:24  SCV  
  15  0:39  SCV  
  16  0:51  SCV  
  17  0:59  Command Center  
  17  1:03  SCV  
  18  1:12  Barracks  
  18  1:16  SCV  
  19  1:23  Refinery  
  19  1:28  SCV  
  19  1:29  Refinery  
  20  1:40  SCV  
  22  1:58  Marine  
  22  1:59  Orbital Command  
  22  2:10  Factory, Orbital Command  
  22  2:18  Barracks Reactor  
  22  2:25  SCV  
  22  2:26  Supply Depot  
  23  2:36  SCV  
  24  2:37  SCV  
  25  2:48  SCV  
  25  2:49  SCV  
  27  2:55  Starport  
  27  2:59  Hellion  
  27  3:00  Hellion, SCV  
  27  3:01  SCV  
  33  3:07  Barracks Tech Lab  
  34  3:12  SCV  
  34  3:13  SCV  
  34  3:15  Supply Depot  
  35  3:21  Hellion  
  35  3:22  Hellion  
  35  3:25  SCV  
  35  3:26  SCV  
  42  3:31  Viking  
  42  3:34  Fusion Core  
  43  3:36  Marine  
  43  3:39  SCV x2  
  46  3:49  Supply Depot  
  46  3:51  SCV x2  
  48  4:02  Command Center  
  48  4:03  SCV x2  
  50  4:15  SCV  
  50  4:16  SCV  
  52  4:21  Battlecruiser  
  52  4:22  Barracks Tech Lab  
  58  4:28  SCV x2  
  58  4:29  Supply Depot  
  60  4:40  SCV x2, Barracks  
  60  4:41  Barracks  
  60  4:43  Stimpack  
  62  4:47  Refinery x2  
  62  4:50  Marine, Factory Reactor  
  62  4:52  SCV x2  
  65  4:55  Engineering Bay  
  65  4:59  Engineering Bay  
  65  5:04  SCV x2  
  67  5:08  Marine  
  67  5:09  Supply Depot  
  68  5:16  SCV x2, Orbital Command  
  70  5:26  Marine  
  70  5:28  SCV x2, Terran Infantry Armor Level 1, Terran Infantry Weapons Level 1  
  72  5:32  Marine x2  
  72  5:33  Supply Depot  
  75  5:38  Starport Reactor  
  75  5:40  SCV x2, Siege Tank  
  80  5:47  Marine x2  
  83  5:50  Marine  
  83  5:52  Marauder  
  83  5:53  SCV x2  
  83  5:54  Marine, Orbital Command  
  88  6:05  SCV x2, Marine  
  88  6:06  Marine  
  88  6:08  Marine  
  93  6:12  Siege Tank  
  93  6:14  Marauder  
  93  6:17  SCV, Marine  
  93  6:18  SCV  
  101  6:20  Medivac x2  
  101  6:23  Marine  
  101  6:25  Supply Depot x2, SCV  
  106  6:26  Supply Depot  
  106  6:30  SCV x2  
  109  6:32  Combat Shield  
  109  6:46  Marine x2  
  109  6:47  SCV x3, Siege Tank  
  117  6:49  Barracks x2, Marine  
  117  6:50  Marine x2  
  117  6:53  Medivac  
  122  6:56  Medivac  
  122  6:59  SCV x3  
  127  7:04  Marine x2  
  127  7:07  Marine  
  130  7:10  Refinery x2  
  130  7:11  SCV x2  
  130  7:14  Supply Depot, SCV, Armory  
  133  7:29  SCV, Siege Tank, Marine x3  
  140  7:30  Supply Depot  
  140  7:32  Supply Depot  
  140  7:36  Barracks Reactor x2  
  139  7:37  Command Center  
  139  7:38  SCV  
  139  7:39  SCV  
  139  7:40  Marine  
  139  7:41  SCV  
  139  7:42  Marine  
  144  7:45  Medivac  
  144  7:46  Marine x3  
  149  7:52  Medivac  
  149  7:57  Marine  
  152  8:00  Marine  
  152  8:04  Marine x2  
  154  8:06  Terran Infantry Armor Level 2, Terran Infantry Weapons Level 2  
  154  8:10  Terran Vehicle Weapons Level 1, Marine  
  155  8:15  Marine  
  155  8:16  Marine x2  
  155  8:19  Supply Depot  
  158  8:20  Supply Depot, Marine x2  
  158  8:22  Factory, Marine x2  
  158  8:26  Marine  
  153  8:28  Marine  
  153  8:29  Missile Turret  
  153  8:30  Missile Turret  
  153  8:33  Marine x2  
  153  8:34  Marine  
  149  8:37  Marine  
  149  8:39  SCV x2, Missile Turret  
  149  8:40  SCV  
  149  8:41  Marine x3  
  149  8:42  Siege Tank  
  149  8:43  Marine  
  149  8:44  Medivac  
  149  8:47  Medivac  
  160  8:52  Marine x2  
  162  8:57  SCV x3  
  162  9:01  Marine x7  
  172  9:05  Missile Turret  
  145  9:10  Marine x2  
  145  9:14  Siege Tank  
  145  9:15  Factory Reactor  
  145  9:16  Drilling Claws  
  140  9:19  Marine x7  
  141  9:28  Marine x2  
  141  9:30  Medivac x2  
  144  9:34  Planetary Fortress  
  144  9:37  Marine x4  
  151  9:40  Marine  
  151  9:41  Marine  
  154  9:48  Missile Turret, Marine x2  
  154  9:49  Barracks  
  154  9:50  Barracks x2  
  153  9:53  Sensor Tower  
  153  9:54  Widow Mine x2  
  153  9:58  Thor  
  162  10:03  SCV  
  162  10:04  SCV, Marine x3  
  162  10:05  Marine x2  
  162  10:06  Marine  
  167  10:07  SCV  
  167  10:08  Marine x2  
  167  10:09  Barracks Tech Lab  
  170  10:14  Sensor Tower  
  170  10:15  Supply Depot  
  170  10:16  Terran Vehicle Weapons Level 2, Missile Turret  
  170  10:22  Marine x3  
  170  10:23  Medivac x2, Marine x3  
  180  10:31  Widow Mine x2  
  180  10:34  Marauder  
  170  10:44  Widow Mine  
  170  10:46  Barracks Tech Lab x3  
  170  10:47  Marine  
  170  10:49  Marine  
  161  10:50  Marine  
  161  10:53  Medivac, Widow Mine x2  
  161  10:55  Marauder  
  161  10:56  Terran Infantry Weapons Level 3  
  171  10:57  Command Center  
  171  10:59  Marine x2  
  171  11:00  Refinery x2  
  173  11:04  Terran Infantry Armor Level 3  
  173  11:06  Marauder x2  
  173  11:09  Marauder  
  179  11:12  Marine x2  
  179  11:16  Marauder  
  183  11:21  Widow Mine  
  183  11:22  Widow Mine  
  183  11:23  Marine x3  
  190  11:27  Marauder  
  190  11:28  Marauder, Marine  
  190  11:30  Marauder  
  185  11:35  Marine  
  185  11:36  Marine  
  185  11:37  Marine x2  
  185  11:38  Marauder  
  177  11:40  Marine x2  
  177  11:41  Marine  
  177  11:43  Thor, Widow Mine  
  177  11:45  Medivac  
  177  11:46  Marine  
  191  11:48  Marine  
  191  11:49  Medivac  
  175  11:58  Marauder  
  175  12:00  Marine x2  
  178  12:02  Marauder  
  178  12:06  Marauder, Marine  
  166  12:12  Marauder, Marine x2  
  166  12:13  Widow Mine, Marine  
  166  12:14  Widow Mine  
  166  12:15  Medivac  
  169  12:19  Medivac  
  169  12:20  Marauder  
  169  12:21  Marine  
  169  12:22  Marine x3  
  177  12:25  Marauder  
  177  12:27  Widow Mine, Marauder, Marine  
  184  12:35  Widow Mine x2  
  184  12:36  Ghost Academy  
  188  12:43  Marauder  
  174  12:44  Medivac  
  174  12:45  Marine  
  174  12:46  Marine x2  
  174  12:47  Missile Turret, Marine  
  174  12:48  Marine x2  
  174  12:49  Medivac  
  175  12:51  Marauder  
  175  12:55  Marine x2  
  175  12:58  Marauder  
  176  13:01  Marine  
  176  13:02  Widow Mine x2  
  176  13:03  Thor, Marine  
  188  13:07  Marine x2  
  188  13:12  Marauder  
  192  13:14  Medivac  
  192  13:18  Marauder  
  192  13:21  Marauder  
  192  13:24  Marine x2  
  192  13:26  Medivac, Widow Mine x2  
  179  13:27  Marauder  
  179  13:28  Marine x2  
  179  13:29  Marine x2  
  179  13:30  Marine x2  
  179  13:34  Marauder, Planetary Fortress  
  175  13:39  Marauder  
  164  13:42  Ghost  
  164  13:44  Medivac  
  164  13:45  Marine  
  164  13:46  Widow Mine  
  164  13:48  Marine x2, Ghost  
  170  13:49  Marine  
  170  13:53  Marine  
  170  13:54  Missile Turret, Marine, Ghost  
  178  14:00  Ghost  
  180  14:08  Widow Mine  
  180  14:09  Widow Mine  
  182  14:10  Ghost  
  182  14:12  Thor  
  182  14:16  Ghost  
  183  14:21  Marine x2  
  183  14:22  Marine x2  
  183  14:23  Marine x2, Ghost  
  183  14:24  Marine x2  
  180  14:28  Ghost  
  183  14:38  Marine x2  
  183  14:39  Ghost  
  183  14:40  Marine x2  
  183  14:41  Marine x3  
  183  14:42  Marine  
  183  14:45  Ghost  
  187  14:52  Marauder  
  159  14:55  Widow Mine x2  
  159  14:56  Marine x2  
  159  14:57  Widow Mine  
  159  14:58  Marauder, Marine x3  
  165  15:04  Marine  
  165  15:05  Marine  
  165  15:06  Marine  
  158  15:07  Medivac x2  
  158  15:08  Marauder  
  158  15:13  Ghost x2  
  158  15:14  Command Center, Marine x2  
  168  15:15  Command Center  
  168  15:16  Widow Mine, Marine x3  
  168  15:17  Widow Mine  
  168  15:18  Thor  
  168  15:19  Marauder  
  185  15:25  Marine x2  
  187  15:30  Marauder  
  171  15:38  Widow Mine, Marine x2  
  171  15:40  Marauder  
  156  15:43  Marauder, Marine  
  156  15:44  Marine x2  
  156  15:45  Medivac x2, Widow Mine  
  156  15:46  Marauder, Marine  
  156  15:47  Marine  
  153  15:50  Marine  
  153  15:51  Marauder  
  153  15:56  Marine x2  
  148  15:59  Widow Mine  
  148  16:01  Marine x3  
  148  16:02  Marine  
  148  16:04  Marine x2  
  154  16:05  Marine  
  154  16:08  Marauder, Orbital Command  
  154  16:10  Widow Mine  
  161  16:12  Marauder  
  163  16:19  Ghost  
  163  16:22  Marauder  
  167  16:26  Marine  
  167  16:27  Marine  
  167  16:29  Marauder  
  169  16:33  Ghost  
  168  16:40  Marine  
  168  16:41  Marine  
  168  16:42  Marine  
  168  16:43  Marine x2, Ghost  
  168  16:45  Widow Mine  
  153  16:47  Marine, Orbital Command, Ghost  
  153  16:50  Marauder  
  153  16:51  Marine x2  
  123  17:02  Marauder, Marine  
  123  17:04  Marine  
  123  17:06  Marine x3  
  123  17:07  Marine  
  129  17:09  Marine x2  
  129  17:12  Marauder  
  129  17:15  Marauder  
  135  17:17  Marauder  
  137  17:24  Marauder  
  120  17:31  Marine x2  
  120  17:33  Marauder  
  120  17:34  Marine x2  
  120  17:36  Marauder  
  112  17:38  Marauder  
  112  17:43  Marine  
  100  17:46  Marine  
  100  17:48  Marine  
  88  17:52  Marine  
  88  17:56  Marine  
  78  17:58  Marine  
  78  18:00  Marine  
Show
View Real Time Build Order
Export as new Build Order

Lambo Zerg - Winner!

Build Orders: Hatch First 

Get SALT Encoding   

  12  0:00  Drone  
  13  0:12  Overlord  
  13  0:16  Drone  
  14  0:30  Drone x2  
  16  0:48  Hatchery  
  15  0:51  Drone  
  15  0:54  Drone  
  17  0:57  Drone  
  18  1:08  Extractor  
  17  1:13  Spawning Pool  
  17  1:16  Drone  
  17  1:19  Drone  
  18  1:27  Drone  
  19  1:38  Drone  
  20  1:48  Drone  
  21  1:59  Queen x2  
  21  2:00  Zergling x4  
  27  2:10  Drone  
  27  2:12  Overlord  
  28  2:21  Hatchery  
  27  2:23  Drone  
  28  2:31  Drone  
  28  2:32  Drone x2  
  31  2:39  Queen  
  31  2:44  Metabolic Boost  
  33  2:49  Overlord  
  33  2:53  Drone  
  33  2:54  Drone  
  33  2:57  Drone  
  36  3:06  Queen  
  36  3:08  Drone x2  
  36  3:10  Drone  
  41  3:13  Drone x2  
  41  3:17  Drone  
  44  3:24  Overlord  
  44  3:26  Overlord  
  44  3:33  Queen  
  46  3:34  Queen  
  46  3:36  Drone  
  46  3:41  Drone  
  50  3:43  Drone x2  
  50  3:46  Drone x2  
  50  3:47  Drone x2  
  56  3:51  Overlord  
  56  3:52  Drone  
  56  3:55  Drone  
  58  3:57  Overlord  
  58  3:59  Zergling x2  
  59  4:03  Zergling x2  
  59  4:07  Drone  
  61  4:12  Queen  
  61  4:13  Overlord  
  64  4:17  Drone x5  
  68  4:24  Overlord  
  68  4:25  Roach Warren  
  68  4:30  Zergling x4  
  69  4:33  Overlord  
  69  4:35  Overlord, Extractor  
  69  4:36  Drone x3  
  71  4:39  Lair  
  71  4:42  Drone x2  
  73  4:45  Queen  
  73  4:47  Drone x2  
  77  4:53  Drone x2  
  77  4:54  Drone x2  
  77  4:57  Overlord  
  81  5:00  Queen  
  81  5:03  Drone x2  
  82  5:07  Spore Crawler  
  82  5:09  Spore Crawler x2, Drone x3  
  82  5:12  Extractor  
  81  5:16  Roach x3  
  91  5:21  Roach x2  
  91  5:22  Queen  
  93  5:29  Drone x6  
  93  5:32  Roach  
  93  5:35  Drone x2  
  103  5:41  Drone x2  
  104  5:43  Spire  
  104  5:44  Extractor  
  104  5:45  Drone  
  104  5:47  Extractor  
  104  5:48  Extractor  
  99  5:51  Drone x5  
  104  5:59  Drone  
  104  6:00  Drone  
  104  6:03  Drone, Evolution Chamber x2  
  105  6:07  Drone  
  106  6:13  Overlord  
  106  6:14  Hatchery  
  106  6:16  Baneling Nest, Drone, Overlord  
  106  6:17  Overlord  
  106  6:18  Drone  
  106  6:22  Glial Reconstitution  
  105  6:30  Zerg Ground Armor Level 1, Zerg Melee Weapons Level 1  
  105  6:31  Overlord x2  
  105  6:33  Overlord  
  105  6:34  Overlord  
  105  6:35  Drone x2  
  105  6:36  Drone x3  
  110  6:40  Roach x2  
  110  6:46  Drone  
  115  6:48  Drone  
  116  6:54  Zergling x10  
  116  6:59  Roach x2  
  116  7:00  Centrifugal Hooks, Roach  
  127  7:02  Drone x4  
  127  7:07  Zergling x2  
  132  7:10  Ravager x3  
  132  7:11  Ravager  
  132  7:14  Zergling x4, Roach  
  132  7:15  Hatchery  
  139  7:20  Extractor  
  138  7:24  Drone x3  
  138  7:25  Drone x2, Overlord  
  138  7:28  Zergling x6  
  146  7:31  Extractor  
  150  7:43  Drone x3  
  155  7:50  Mutalisk x6  
  157  7:52  Hatchery  
  157  7:58  Zergling x18  
  163  8:05  Mutalisk x2  
  163  8:06  Mutalisk  
  169  8:15  Zergling x10  
  174  8:20  Zergling x4  
  174  8:22  Hatchery  
  160  8:31  Zergling x2  
  160  8:32  Zergling x16  
  169  8:35  Zerg Flyer Weapons Level 1  
  169  8:36  Zerg Melee Weapons Level 2, Zerg Ground Armor Level 2  
  169  8:37  Baneling  
  169  8:38  Baneling x3  
  168  8:42  Spore Crawler  
  168  8:46  Mutalisk x2  
  168  8:47  Overseer  
  171  8:49  Zergling x2  
  171  8:50  Zergling x6  
  171  8:54  Overlord  
  171  8:55  Overlord  
  175  8:59  Baneling x11  
  175  9:00  Overlord  
  175  9:07  Zergling x20  
  167  9:12  Zergling x2  
  159  9:18  Zergling x16  
  162  9:27  Roach x8  
  169  9:32  Zergling x2  
  169  9:35  Infestation Pit  
  169  9:38  Baneling x13  
  169  9:40  Zergling x10  
  169  9:43  Drone x2  
  169  9:44  Zergling x6, Drone x2  
  169  9:45  Zergling x4  
  183  9:46  Baneling x3  
  183  9:47  Hatchery  
  183  9:48  Drone x3  
  185  9:53  Drone  
  185  9:55  Zergling x10  
  185  9:56  Ravager  
  185  9:57  Ravager  
  185  9:58  Ravager  
  185  9:59  Mutalisk x2  
  196  10:08  Mutalisk x2  
  200  10:17  Overlord  
  200  10:19  Baneling x9  
  200  10:20  Baneling x4  
  199  10:25  Drone x2  
  198  10:30  Hive  
  196  10:39  Zergling x2, Roach x2  
  191  10:48  Mutalisk x4  
  188  10:50  Drone x11  
  199  11:02  Spore Crawler  
  198  11:06  Zergling x2  
  199  11:11  Baneling  
  199  11:12  Baneling x7  
  199  11:26  Spore Crawler  
  199  11:27  Spore Crawler  
  199  11:29  Mutalisk x4  
  197  11:34  Hatchery  
  197  11:37  Zergling x4  
  197  11:38  Zergling x8  
  197  11:53  Zergling x24  
  199  11:56  Zergling x8  
  199  11:57  Zergling x2  
  199  12:01  Zergling x12  
  200  12:03  Adrenal Glands  
  200  12:04  Zerg Ground Armor Level 3, Zerg Melee Weapons Level 3  
  194  12:08  Zergling x2  
  194  12:09  Zergling x8  
  196  12:16  Extractor  
  196  12:17  Zerg Flyer Weapons Level 2  
  196  12:19  Zergling x12  
  196  12:20  Overseer  
  196  12:21  Pneumatized Carapace  
  199  12:27  Baneling x19  
  199  12:36  Overseer  
  199  12:41  Zergling x16  
  188  12:45  Mutalisk  
  188  12:46  Mutalisk x3  
  193  12:54  Zergling x14  
  192  12:58  Zergling x6  
  192  12:59  Zergling x10  
  198  13:06  Zergling x2  
  198  13:07  Zergling x6  
  198  13:12  Zergling x2  
  200  13:14  Hatchery  
  200  13:17  Overlord  
  189  13:20  Zergling x30  
  189  13:24  Zergling x4  
  181  13:28  Ultralisk Cavern  
  181  13:29  Zergling x4  
  181  13:30  Queen x2  
  181  13:31  Queen  
  181  13:33  Mutalisk x5  
  195  13:36  Queen x2  
  195  13:38  Roach  
  195  13:40  Zergling x6  
  199  13:43  Baneling x9  
  199  13:45  Overseer  
  199  13:48  Overlord  
  199  13:49  Baneling  
  199  13:50  Baneling x15  
  199  13:55  Overlord  
  199  13:56  Baneling x6  
  199  13:59  Zergling x2  
  199  14:15  Zergling x32  
  194  14:22  Zergling x18  
  191  14:28  Chitinous Plating  
  181  14:32  Ultralisk x2  
  181  14:35  Zergling x18  
  181  14:37  Baneling x10  
  194  14:38  Overseer  
  180  14:46  Zergling x22  
  180  14:47  Zergling x2  
  180  14:51  Zergling x8  
  174  14:54  Ultralisk  
  174  14:56  Zergling x2  
  174  14:58  Drone x5  
  185  15:03  Zergling x6  
  183  15:08  Baneling x6  
  183  15:09  Zergling x18  
  183  15:13  Zergling x12  
  198  15:20  Drone  
  199  15:21  Zerg Flyer Weapons Level 3  
  195  15:34  Zergling x28  
  194  15:39  Zergling x4, Ultralisk  
  195  15:45  Zergling x14  
  195  15:47  Anabolic Synthesis  
  190  15:50  Zergling x8  
  190  15:53  Zergling x6  
  190  15:57  Zergling x12  
  190  16:00  Overseer  
  183  16:12  Mutalisk x5  
  183  16:14  Overseer x2  
  193  16:19  Baneling x9  
  193  16:21  Mutalisk, Hatchery  
  193  16:22  Mutalisk  
  196  16:25  Baneling  
  196  16:26  Baneling x6  
  196  16:31  Zergling x12  
  192  16:34  Baneling x5  
  192  16:37  Zergling x8  
  192  16:44  Zergling x4  
  192  16:45  Zergling x8  
  168  16:48  Zergling x8  
  168  16:52  Zergling x6  
  158  16:56  Zergling x8  
  147  17:02  Mutalisk x2  
  149  17:12  Mutalisk x7  
  149  17:14  Baneling x4  
  163  17:18  Zergling x6  
  162  17:24  Zergling x8  
  162  17:28  Zergling x8  
  158  17:35  Zergling x10  
  162  17:37  Zergling x4  
  162  17:42  Zergling x8  
  150  17:46  Zergling x6  
  150  17:50  Zergling x10  
  148  17:54  Zergling x6  
  148  18:00  Zergling x10  
Tags
 
Add a new tag
Caveats
  • Supply blocks, unpowered buildings, or Contaminate may cause inaccurate times.
  • Supply counts are checked every 10 seconds.